 Dungeon Crawl Stone Soup version 0.29.1-2-gbd0b4ee654 (webtiles) character file.

Game seed: 7023459323521842242

513 Gabide the Poker (level 7, -4/55 HPs)
             Began as a Human Chaos Knight on Nov 23, 2022.
             Was a Plaything of Xom.
             Slain by an iguana (19 damage)
             ... on level 5 of the Dungeon.
             The game lasted 00:08:53 (3976 turns).

Gabide the Poker (Human Chaos Knight)               Turns: 3976, Time: 00:08:53

Health: -4/55      AC:  8    Str: 11    XL:     7   Next: 43%
Magic:  7/7        EV: 13    Int: 18    God:    Xom [.*....]
Gold:   247        SH:  0    Dex: 18    Spells: 6/6 levels left

rFire   . . .      SeeInvis .   a - +0 spear (chaos)
rCold   . . .      Faith    .   (no shield)
rNeg    . . .      Spirit   .   m - +2 leather armour
rPois   .          Reflect  .   (no helmet)
rElec   .          Harm     .   (no cloak)
rCorr   .          Rampage  .   (no gloves)
Will    .....      Clarity  +   k - +0 pair of boots
Stlth   ++........              (no amulet)
HPRegen 0.18/turn               (no ring)
MPRegen 0.10/turn               (no ring)

@: hasted, very quick
A: iridescent scales 1, agile 2, clarity, clever 2, wild magic 1, evolution 1,
sturdy frame 1
a: Renounce Religion


You were on level 5 of the Dungeon.
You worshipped Xom.
You were a plaything of Xom.
You visited 1 branch of the dungeon, and saw 5 of its levels.

You collected 319 gold pieces.
You spent 72 gold pieces at shops.

Inventory:

Hand Weapons
 a - a +0 spear of chaos (weapon)
 b - a +0 sling
 v - a +0 glaive
Missiles
 h - 17 poisoned darts
 l - 2 atropa-tipped darts
Armour
 k - a +0 pair of boots (worn)
 m - a +2 leather armour (worn)
Scrolls
 d - a scroll of magic mapping {unknown}
 j - a scroll of acquirement {unknown}
 n - a scroll of poison
 r - a scroll of teleportation {unknown}
 w - a scroll of torment {unknown}
Potions
 e - 6 potions of curing
 g - 2 potions of lignification
 i - a potion of mutation
 q - a potion of berserk rage {unknown}
 s - a potion of cancellation {unknown}
 t - a potion of might {unknown}
 u - a potion of haste
Miscellaneous
 c - a piece from Xom's chessboard (10/15) (quivered)


   Skills:
 + Level 4.7 Fighting
 + Level 4.7 Polearms
 + Level 4.1 Armour
 + Level 3.6 Dodging


You had 6 spell levels left.
You didn't know any spells.
Your spell library contained the following spells:

 Spells                   Type           Power      Damage    Failure   Level
 Magic Dart               Conj           0%         1d3       30%         1
 Necrotise                Necr           0%         1d4       30%         1
 Call Imp                 Summ           0%         N/A       43%         2
 Gell's Gravitas          Tloc           0%         N/A       65%         3
 Mephitic Cloud           Conj/Pois/Air  0%         N/A       65%         3
 Teleport Other           Tloc           0%         N/A       65%         3
 Vampiric Draining        Necr           0%         2d6       65%         3
 Anguish                  Hex/Necr       0%         N/A       95%         4
 Agony                    Necr           0%         N/A       100%        5
 Dispersal                Tloc           0%         N/A       100%        6
 Enfeeble                 Hex            0%         N/A       100%        7


Dungeon Overview and Level Annotations

Branches:
Dungeon (5/15)
 Temple: D:4-7

Altars:
Gozag
Sif Muna
Vehumet
Xom
Zin

Shops:
D:2 *

Annotations:
D:4 2 transporters, DildoBatman's ghost, amateur FoCj


Innate Abilities, Weirdness & Mutations

You are partially covered in iridescent scales. (AC +2)
You are very agile. (Dex +8, Str/Int -2)
You possess an exceptional clarity of mind.
Your mind is very acute. (Int +8, Str/Dex -2)
Your spells are a little harder to cast, but a little more powerful.
You have hidden genetic potential.
Your movements are slightly less encumbered by armour. (ER -2)


Message History

You are too injured to fight recklessly!
You are too injured to fight recklessly!
You are too injured to fight recklessly!
You are too injured to fight recklessly!
You are too injured to fight recklessly!
You are too injured to fight recklessly!
You are too injured to fight recklessly!
You are too injured to fight recklessly!
You are too injured to fight recklessly!
You are too injured to fight recklessly!
You are too injured to fight recklessly!
You are too injured to fight recklessly!
Non-targeted evoke: piece from Xom's chessboard (11/15)
Press: ? - help, Q - select action, (/) - cycle Dir - look around, f - activate You make a move on Xom's chessboard...
The iguana resists with significant effort.
The iguana bites you!
* * * LOW HITPOINT WARNING * * *
The iguana completely misses you. The iguana misses you.
You hit the iguana.
The iguana suddenly seems more agile.
The iguana is severely wounded.
The iguana bites you!
* * * LOW HITPOINT WARNING * * *
The iguana bites you but does no damage.
You feel much better. The iguana barely misses you.
The iguana completely misses you.
You feel yourself speed up. The iguana bites you!
The iguana barely misses you. x2
You closely miss the iguana.
The iguana is severely wounded.
The iguana closely misses you.
You hit the iguana but do no damage.
The iguana is severely wounded.
The iguana bites you. x2
* * * LOW HITPOINT WARNING * * *
You hit the iguana.
The iguana seems to slow down.
You freeze the iguana.
The iguana is almost dead.
You hit the iguana. You drain the iguana.
You kill the iguana!
The iguana bites you!!
You die...

#### ###.# .>.# ...
#☼# ##.# #.# #§#
##.# #.# #☼# #.# #.#
#§# ##.####.## #§#
.).).....### ☼#
##.#.......######§#
#.#.......##○§§@○#
#.......○○☼§○##†l§#
###.....○§####§§°§☼#
#.......# #○☼§.°§..
.........#
#○○..○##°#
#####...### °☼○°°##
# #...# °.○°°. #...#
§○##§##○ #...


You could see an iguana (strong).

Vanquished Creatures
  Edmund (D:5)
  2 scorpions
  A hound (D:4)
  An iguana (D:5)
  7 gnolls
  8 adders
  2 ufetubi (D:4)
  2 dart slugs
  7 orcs
  7 ball pythons
  9 endoplasms
  A giant cockroach (D:1)
  5 goblins
  7 hobgoblins
  3 jackals (D:1)
  3 quokkas
  3 bats (D:1)
  2 frilled lizards
  6 kobolds
  5 rats
82 creatures vanquished.

Vanquished Creatures (collateral kills)
  A gnoll (D:4)
1 creature vanquished.

Vanquished Creatures (others)
  6 plants
6 creatures vanquished.

Grand Total: 89 creatures vanquished

Notes
Turn   | Place    | Note
-------+----------+-------------------------------------------
     0 | D:1      | Gabide the Human Chaos Knight began the quest for the Orb.
     0 | D:1      | Reached XP level 1. HP: 18/18 MP: 1/1
   196 | D:1      | XOM: butterfly on damage
   198 | D:1      | Reached XP level 2. HP: 19/24 MP: 2/2
   346 | D:1      | XOM: silly message
   432 | D:1      | XOM: silly message
   505 | D:1      | XOM: divination: magic mapping
   795 | D:1      | Reached XP level 3. HP: 29/29 MP: 3/3
   838 | D:1      | Found a faded altar of an unknown god.
  1190 | D:1      | XOM: scenery: create altars
  1305 | D:2      | XOM: stealth player
  1305 | D:2      | Found Zashi's General Store.
  1307 | D:2      | XOM: 1-stop teleportation journey
  1351 | D:2      | XOM: enchant monster (good)
  1365 | D:2      | XOM: give mutation
  1365 | D:2      | Gained mutation: You possess an exceptional clarity of
                  | mind. [Xom's grace]
  1371 | D:2      | Reached XP level 4. HP: 33/35 MP: 4/4
  1844 | D:2      | Reached XP level 5. HP: 31/42 MP: 5/5
  1916 | D:2      | Bought a scroll of identify for 24 gold pieces
  1916 | D:2      | Bought a scroll of fear for 48 gold pieces
  2043 | D:2      | XOM: give mutation
  2043 | D:2      | Gained mutation: Your mind is acute. (Int +4, Str/Dex -1)
                  | [Xom's grace]
  2416 | D:3      | Found an opulent altar of Gozag.
  2531 | D:3      | XOM: give mutations
  2531 | D:3      | Gained mutation: You are agile. (Dex +4, Str/Int -1) [Xom's
                  | grace]
  2531 | D:3      | Gained mutation: Your movements are slightly less
                  | encumbered by armour. (ER -2) [Xom's grace]
  2531 | D:3      | Gained mutation: You are partially covered in iridescent
                  | scales. (AC +2) [Xom's grace]
  2605 | D:3      | Found a glowing silver altar of Zin.
  2812 | D:4      | Found a radiant altar of Vehumet.
  2812 | D:4      | Found a shimmering blue altar of Sif Muna.
  2833 | D:4      | Reached XP level 6. HP: 34/48 MP: 6/6
  3011 | D:4      | XOM: 1-stop teleportation journey
  3153 | D:4      | Found a transporter.
  3160 | D:4      | Found a transporter.
  3268 | D:4      | XOM: give mutations
  3268 | D:4      | Gained mutation: Your spells are a little harder to cast,
                  | but a little more powerful. [Xom's grace]
  3268 | D:4      | Gained mutation: You are very agile. (Dex +8, Str/Int -2)
                  | [Xom's grace]
  3268 | D:4      | Gained mutation: You are somewhat resistant to further
                  | mutation. [Xom's grace]
  3268 | D:4      | Lost mutation: You are somewhat resistant to further
                  | mutation. [Xom's grace]
  3268 | D:4      | Gained mutation: You have hidden genetic potential. [Xom's
                  | grace]
  3308 | D:4      | Noticed DildoBatman's ghost (amateur FoCj)
  3366 | D:4      | XOM: scenery: summon butterflies
  3415 | D:4      | XOM: summons 3 friendly demons
  3487 | D:4      | XOM: god gift: book of Necromancy
  3609 | D:5      | Entered Level 5 of the Dungeon
  3622 | D:5      | Reached XP level 7. HP: 44/55 MP: 7/7
  3682 | D:5      | XOM: god gift: scroll labelled ZEISO NOFIFEN {god gift}
  3770 | D:5      | Noticed Edmund
  3771 | D:5      | XOM: cleaving
  3777 | D:5      | XOM: summons 7 friendly demons
  3782 | D:5      | Killed Edmund
  3791 | D:5      | Gained mutation: Your mind is very acute. (Int +8, Str/Dex
                  | -2) [hidden potential]
  3795 | D:5      | XOM: summons 1 hostile demon
  3970 | D:5      | HP: 2/55 [iguana (10)]
  3976 | D:5      | Slain by an iguana

Illustrated notes

Levels and vault maps discovered:
D:1:      sevenhm_arrival_forest_fort_small_3, layout_basic,
          ebering_ecumenical_altar_box, serial_forest,
          infiniplex_forest_fountain, infiniplex_forest_lined_2,
          infiniplex_forest_clump_curved, infiniplex_forest_clump_small,
          infiniplex_forest_clump_small
D:2:      layout_rooms, serial_shops, shop, minmay_misc_feat_hallway
D:3:      layout_rooms, nicolae_gozag_cash_rules_everything_around_me,
          zin_statuary, chequers_serial_rivers_room_a, minmay_misc_feat_doors
D:4:      layout_rooms, jmf_multi_god_temple, gammafunk_ghost_gnarly_gnolls
D:5:      layout_loops_cross, minmay_misc_feat_plants, uniq_sigmund, uniq_edmund

Skill      XL: |  1  2  3  4  5  6  7 |
---------------+----------------------+-----
Dodging        | 2 3 |  3.6
Armour         | 3 4 |  4.1
Fighting       | 4 |  4.7
Polearms       | 4 |  4.7

Action                   |  1- 3 |  4- 6 |  7- 9 || total
-------------------------+-------+-------+-------++-------
Melee: Spear             |    98 |   175 |    25 ||   298
       Punch             |       |     3 |       ||     3
 Fire: Sling             |       |    28 |       ||    28
Evoke: Piece from Xom's  |     3 |     6 |     3 ||    12
  Use: Scroll            |     3 |     3 |     2 ||     8
       Potion            |       |     1 |     3 ||     4
 Stab: Sleeping          |     2 |     1 |     1 ||     4
       Confused          |     1 |       |       ||     1
       Petrified         |       |     5 |       ||     5
       Paralysed         |       |     4 |       ||     4
       Distracted        |       |       |     1 ||     1
Armor: Leather armour    |    26 |    68 |     5 ||    99
Dodge: Dodged            |    40 |    95 |    19 ||   154
